 Dungeon Crawl Stone Soup version 0.17.0-28-g6e173f8 (webtiles) character file.

36 Shizoidos the Skirmisher (level 3, -2/29 HPs)
             Began as a Demonspawn Abyssal Knight on Nov 23, 2015.
             Was a Follower of Lugonu.
             Killed by divine providence
             ... invoked by an orc priest
              (13 damage)
             ... on level 3 of the Dungeon.
             The game lasted 00:02:19 (1737 turns).

Shizoidos the Skirmisher (DsAK)                     Turns: 1737, Time: 00:02:19

Health: -2/29      AC:  3    Str: 13    XL:     3   Next: 19%
Magic:  5/5        EV: 11    Int: 13    God:    Lugonu [*.....]
Gold:   134        SH:  0    Dex: 12    Spells: 0 memorised, 2 levels left

rFire  . . .     SeeInvis .     a - +1 spear
rCold  . . .     Clarity  .     b - +0 leather armour
rNeg   . . .     SustAt   .     (no shield)
rPois  .         Gourm    .     (helmet restricted)
rElec  .         Spirit   .     (no cloak)
rCorr  .         Warding  .     (no gloves)
rMut   .         Stasis   .     (no boots)
MR     .....                    (no amulet)
Stlth  +.........               (no ring)
                                (no ring)

@: not resistant to hostile enchantments, very unstealthy
A: horns 2
a: Depart the Abyss, Renounce Religion


You were on level 3 of the Dungeon.
You worshipped Lugonu.
Lugonu was aware of your devotion.
You were not hungry.

You visited 1 branch of the dungeon, and saw 3 of its levels.
You visited the Abyss 1 time.

You collected 134 gold pieces.

Inventory:

Hand Weapons
 a - a +1 spear (weapon)
Armour
 b - a +0 leather armour (worn)
Scrolls
 e - a scroll of enchant weapon {unknown}
 f - 2 scrolls of identify {unknown}
 g - a scroll of fear {unknown}
 i - a scroll of noise {unknown}
 k - a scroll of teleportation {unknown}
Potions
 h - 2 potions of heal wounds {unknown}
 j - a potion of brilliance {unknown}
 l - a potion of agility {unknown}
Comestibles
 d - a beef jerky


   Skills:
 + Level 3.6 Fighting
 + Level 1.8 Polearms
 + Level 2.1 Armour
 + Level 1.1 Dodging
 + Level 3.1 Invocations


You had 2 spell levels left.
You didn't know any spells.

Dungeon Overview and Level Annotations

Branches:
Dungeon (3/15)

Altars:
Ashenzari
Kikubaaqudgha


Innate Abilities, Weirdness & Mutations

You have a pair of horns on your head.


Message History

You have reached level 3!
Your experience leads to an increase in your attributes!
Increase (S)trength, (I)ntelligence, or (D)exterity?
You feel stronger.
Your demonic ancestry asserts itself...
The horns on your head grow some more.
An orc priest comes into view.
The orc priest shouts!
The orc priest looks braver for a moment.
An orc comes into view. It is wielding a dagger.
A goblin comes into view.
The orc shouts!
The goblin shouts!
An orc comes into view. It is wielding a hand axe.
There are monsters nearby!
The orc priest mumbles some strange prayers to Beogh against you.
Something smites you!
An orc wizard comes into view. It is wielding a dagger.
There are monsters nearby!
The orc priest mumbles some strange prayers to Beogh against you.
Something smites you!
You die... ... ... .... # o.o #.## #og

..###.# ####.#.#
..####...#@####..
..................
.........##.##....
. .#.###.## .# .#
....#.###.# .#
.>........# .#
......##<.# .#
....# #..# .. ...
.....


You could see an orc priest, an orc wizard, an orc and a goblin.

Vanquished Creatures
  2 adders
  A giant gecko (D:2)
  2 bats (D:1)
  2 giant cockroaches
  A goblin (D:1)
  2 hobgoblins (D:1)
  A giant newt (D:1)
  6 rats
17 creatures vanquished.

Notes
Turn   | Place    | Note
--------------------------------------------------------------
     0 | Abyss:1  | Shizoidos the Demonspawn Abyssal Knight began the quest for the Orb.
     0 | Abyss:1  | Reached XP level 1. HP: 18/18 MP: 2/2
     0 | D:1      | Escaped the Abyss
    60 | D:1      | Reached * piety under Lugonu
   290 | D:1      | Gained mutation: You have a pair of small horns on your head. [demonic ancestry]
   290 | D:1      | Reached XP level 2. HP: 18/24 MP: 3/3
  1112 | D:2      | Found a faded altar to an unknown god.
  1172 | D:2      | Found a shattered altar of Ashenzari.
  1397 | D:2      | Reached skill level 1 in Dodging
  1410 | D:2      | Found an ancient bone altar of Kikubaaqudgha.
  1730 | D:3      | Gained mutation: You have a pair of horns on your head. [demonic ancestry]
  1730 | D:3      | Reached XP level 3. HP: 18/29 MP: 5/5
  1737 | D:3      | Killed from afar by an orc priest

Action                   || total
-------------------------++-------
Melee: Spear             ||    62
Invok: Depart the Abyss  ||     1
  Eat: Bread ration      ||     1
